 Dungeon Crawl Stone Soup version 0.30-a0-439-g9e77e4d916 (webtiles) character file.

Game seed: 14112094385505082629

1035 AigisTheKnight the Firebug (level 8, 58/58 HPs)
             Began as a Demonspawn Fire Elementalist on Dec 10, 2022.
             Was an Initiate of Gozag.
             Quit the game on level 5 of the Dungeon.
             The game lasted 00:08:20 (5446 turns).

AigisTheKnight the Firebug (DsFE)                   Turns: 5446, Time: 00:08:20

Health: 58/58      AC:  5    Str:  8    XL:     8   Next: 3%
Magic:  14/14      EV: 13    Int: 18    God:    Gozag
Gold:   252        SH:  4    Dex: 15    Spells: 10/15 levels left

rFire   . . .      SeeInvis .    p - +0 dagger (venom)
rCold   + . .      Faith    .    (no shield)
rNeg    . . .      Spirit   .    a - +0 robe
rPois   .          Reflect  .    v - +0 helmet
rElec   .          Harm     .    u - +0 cloak
rCorr   .          Rampage  .    k - +0 pair of gloves
Will    .....                    (no boots)
Stlth   +++.......               (no amulet)
HPRegen 0.29/turn                w - ring of protection from cold
MPRegen 0.14/turn                (no ring)

@: no status effects
A: hooves 1, large bone plates 1, spiny 2
a: Renounce Religion, Potion Petition, Call Merchant, Bribe Branch


You were on level 5 of the Dungeon.
You worshipped Gozag.
Gozag was aware of your devotion.
You visited 2 branches of the dungeon, and saw 6 of its levels.
You also visited: Sewer.

You collected 307 gold pieces.
You paid 55 gold pieces to Gozag.

Inventory:

Hand Weapons
 m - a +0 spear
 p - a +0 dagger of venom (weapon)
Missiles
 l - 27 poisoned darts (quivered)
Armour
 a - a +0 robe (worn)
 k - a +0 pair of gloves (worn)
 u - a +0 cloak (worn)
 v - a +0 helmet (worn)
Jewellery
 w - a ring of protection from cold (left hand)
 y - the amulet of Vod Haor {Acrobat rCorr}
   (You found it on level 4 of the Dungeon)

   [amulet of the acrobat]

   It increases your evasion while moving and waiting.
   rCorr:     It protects you from acid and corrosion.
 z - a ring of see invisible
Wands
 C - a wand of light (8)
Scrolls
 c - 2 scrolls of fear {unknown}
 f - 4 scrolls of identify {unknown}
 h - a scroll of enchant weapon {unknown}
 i - a scroll of noise {unknown}
 n - 2 scrolls of immolation {unknown}
 o - 4 scrolls of teleportation {unknown}
 x - 2 scrolls of blinking {unknown}
 B - a scroll of fog {unknown}
 D - a scroll of magic mapping {unknown}
 E - a scroll of silence {unknown}
Potions
 b - 4 potions of magic
 d - 3 potions of flight {unknown}
 e - 5 potions of lignification {unknown}
 g - 2 potions of curing {unknown}
 j - 2 potions of mutation {unknown}
 q - a potion of might {unknown}
 r - 3 potions of heal wounds
 s - a potion of brilliance {unknown}
 t - a potion of experience {unknown}
 A - a potion of invisibility {unknown}
 F - a potion of haste {unknown}


   Skills:
 + Level 3.5 Fighting
 + Level 3.8 Dodging
 - Level 4.1 Stealth
 - Level 4.0 Spellcasting
 + Level 3.6 Conjurations
 + Level 4.3 Fire Magic


You had 10 spell levels left.
You knew the following spells:

 Your Spells              Type           Power      Damage    Failure   Level
a - Foxfire               Conj/Fire      72%        2x1d7     2%          1
b - Searing Ray           Conj           32%        2d5       4%          2
c - Scorch                Fire           38%        2d6       3%          2

Your spell library contained the following spells:

 Spells                   Type           Power      Damage    Failure   Level
 Magic Dart               Conj           64%        1d6       3%          1
 Beastly Appendage        Tmut           6%         N/A       14%         1
 Freeze                   Ice            12%        1d3       14%         1
 Slow                     Hex            12%        N/A       14%         1
 Inner Flame              Hex/Fire       11%        N/A       19%         3
 Dazzling Flash           Conj/Hex       20%        N/A       21%         3
 Hailstorm                Conj/Ice       10%        3d5       21%         3
 Cigotuvi's Dreadful Rot  Necr/Pois/Air  6%         N/A       22%         2
 Poisonous Vapours        Pois/Air       6%         N/A       22%         2
 Wereblood                Tmut           3%         N/A       22%         2
 Kindle Blastsparks       Fire/Tloc/Air  16%        2d11      24%         3
 Mephitic Cloud           Conj/Pois/Air  8%         N/A       26%         3
 Flame Wave               Conj/Fire      18%        2d7       28%         4
 Confusing Touch          Hex            3%         N/A       41%         3
 Frozen Ramparts          Ice            6%         1d1       41%         3
 Spider Form              Tmut/Pois      3%         N/A       41%         3
 Vampiric Draining        Necr           3%         2d6       41%         3
 Fulminant Prism          Conj/Hex       5%         3d7       56%         4
 Agony                    Necr           3%         N/A       99%         5
 Silence                  Hex/Air        1%         N/A       99%         5


Dungeon Overview and Level Annotations

Branches:
Dungeon (5/15)             Temple (1/1) D:4           Sewer (visited)

Altars:
Ashenzari
Cheibriados
Fedhas
Gozag
Hepliaklqana
Kikubaaqudgha
Nemelex Xobeh
Okawaru
Qazlal
Trog
Uskayaw
Vehumet
Yredelemnul

Annotations:
Temple 4 transporters


Innate Abilities, Weirdness & Mutations

You have large cloven feet.
You are partially covered in large bone plates. (SH +4)
You are mostly covered in sharp spines.


Message History

You conjure some foxfire!
The foxfire hits the white imp but does no damage.
Unknown command.
Casting: Foxfire (safe; 2% risk of failure)
Confirm with . or Enter, or press ? or * to list all spells.
You conjure some foxfire!
The foxfire hits the white imp but does no damage.
The foxfire hits the white imp.
The white imp is burned terribly!
The white imp is heavily wounded.
Unknown command.
Casting: Foxfire (safe; 2% risk of failure)
Confirm with . or Enter, or press ? or * to list all spells.
You conjure some foxfire!
Unknown command.
Casting: Foxfire (safe; 2% risk of failure)
Confirm with . or Enter, or press ? or * to list all spells.
You conjure some foxfire!
The foxfire hits the white imp but does no damage.
The white imp is heavily wounded.
The foxfire hits the white imp.
The white imp is burned terribly!
The white imp is severely wounded.
The foxfire hits the white imp but does no damage.
The white imp is severely wounded.
The foxfire hits the white imp.
The white imp is almost dead.
The foxfire hits the white imp.
The white imp is burned terribly!
You kill the white imp!
No target in view!
Magic restored.
You now have 247 gold pieces (gained 11).
You now have 252 gold pieces (gained 5).
o - 4 scrolls labelled FOAHEPP JYURE (gained 1)
c - 2 scrolls labelled WADIL WECILURE (gained 1)
Found a stone staircase leading down.
Okay, then.
Saving game... please wait.
Welcome back, AigisTheKnight the Demonspawn Fire Elementalist.
Gozag says: Greed is good.
Press ? for a list of commands and other information.
Are you sure you want to abandon this character and quit the game? (Confirm with "yes".)

..#.......#. #>#
......###.#.
..#####.#..#....#.
#.#.....#....##.#.
#.#.###.##.#....#.
#.#.##............
#.#.##..###....###
#.#..............#
#@###..####...##.#
#.# #..####...# ..
#.###.........# #
#.....#####.#..
####### #.##.# #.
.# ## ##


There were no monsters in sight!

Vanquished Creatures
  Grinder (Sewer)
  Duvessa (D:4)
  2 kobold brigands (Sewer)
  Dowan (D:4)
  A quasit (Sewer)
  A jelly (D:4)
  A hound (D:4)
  Crazy Yiuf (D:3)
  3 orc priests
  Natasha (thrice) (D:2)
  3 orc wizards
  Robin (D:3)
  A river rat (D:3)
  2 adders
  6 shadow imps (Sewer)
  A white imp (D:5)
  2 ufetubi (Sewer)
  2 worms
  2 dart slugs
  8 orcs
  A bat zombie (Sewer)
  6 endoplasms
  7 giant cockroaches
  8 goblins (D:3)
  4 hobgoblins
  2 jackals (D:2)
  18 kobolds
  2 quokkas
  10 ball pythons
  6 bats
  2 frilled lizards
  2 rats (D:3)
111 creatures vanquished.

Vanquished Creatures (others)
  259 foxfires
259 creatures vanquished.

Grand Total: 370 creatures vanquished

Notes
Turn   | Place    | Note
-------+----------+-------------------------------------------
     0 | D:1      | AigisTheKnight the Demonspawn Fire Elementalist began the
                  | quest for the Orb.
     0 | D:1      | Reached XP level 1. HP: 13/13 MP: 3/3
    15 | D:1      | Found a faded altar of an unknown god.
   416 | D:1      | Gained mutation: You are partially covered in sharp spines.
                  | [demonic ancestry]
   416 | D:1      | Reached XP level 2. HP: 20/20 MP: 0/5
   948 | D:2      | Reached XP level 3. HP: 25/25 MP: 6/6
  1094 | D:2      | Reached skill level 1 in Fighting
  1097 | D:2      | Reached XP level 4. HP: 32/32 MP: 1/7
  1198 | D:2      | Noticed Natasha
  1205 | D:2      | Killed Natasha
  1599 | D:2      | Noticed Natasha
  1606 | D:2      | Killed Natasha
  1607 | D:2      | Gained mutation: You are mostly covered in sharp spines.
                  | [demonic ancestry]
  1607 | D:2      | Reached XP level 5. HP: 32/37 MP: 2/9
  1713 | D:2      | Noticed Natasha
  1720 | D:2      | Killed Natasha
  1860 | D:3      | Noticed Robin
  1968 | D:3      | Killed Robin
  1977 | D:3      | Found a glowing drain.
  1988 | Sewer    | Entered a sewer
  2157 | Sewer    | Reached XP level 6. HP: 9/44 MP: 1/10
  2306 | Sewer    | Found a burning altar of Makhleb.
  2355 | Sewer    | Noticed Grinder
  2385 | Sewer    | Paralysed by Grinder for 3 turns
  2388 | Sewer    | Killed Grinder
  2389 | Sewer    | Gained mutation: You are partially covered in large bone
                  | plates. (SH +4) [demonic ancestry]
  2389 | Sewer    | Reached XP level 7. HP: 19/51 MP: 1/12
  2810 | Sewer    | Learned a level 2 spell: Searing Ray
  2813 | Sewer    | Learned a level 2 spell: Scorch
  3147 | D:3      | Found a bloodstained altar of Trog.
  3761 | D:3      | Found a runed translucent door.
  3762 | D:3      | Noticed Crazy Yiuf
  3795 | D:3      | Found a radiant altar of Vehumet.
  3795 | D:3      | Found an iron altar of Okawaru.
  3797 | D:3      | Found a stormy altar of Qazlal.
  3915 | D:3      | Killed Crazy Yiuf
  4091 | D:4      | Found a staircase to the Ecumenical Temple.
  4121 | Temple   | Entered the Ecumenical Temple
  4121 | Temple   | Found a transporter.
  4121 | Temple   | Found a transporter.
  4123 | Temple   | Found a transporter.
  4123 | Temple   | Found a transporter.
  4239 | Temple   | Became a worshipper of Gozag Ym Sagoz the Greedy
  4287 | D:4      | Identified the amulet of Vod Haor {Acrobat rCorr}
  4562 | D:4      | Found a broken altar of Ashenzari.
  5057 | D:4      | Noticed Duvessa
  5057 | D:4      | Noticed Dowan
  5064 | D:4      | Killed Dowan
  5068 | D:4      | Killed Duvessa
  5069 | D:4      | Gained mutation: You have large cloven feet. [demonic
                  | ancestry]
  5069 | D:4      | Reached XP level 8. HP: 46/58 MP: 0/14
  5357 | D:5      | Entered Level 5 of the Dungeon
  5446 | D:5      | Quit the game

Illustrated notes

Levels and vault maps discovered:
D:1:      minmay_arrival_up_and_down, layout_rooms,
          ebering_ecumenical_altar_mist
D:2:      layout_loops_ring, uniq_natasha
D:3:      layout_basic, marbit_many_paths, mainiacjoe_overflow_alcove_3,
          portal_sewer_entry_b, kennysheep_generic_room_6,
          uniq_crazy_yiuf_cottage, uniq_robin
D:4:      layout_gridville, mainiacjoe_overflow_concentric_impassable,
          minmay_temple_entry_hall, minmay_misc_feat_ornament, uniq_duvessa
D:5:      layout_basic, mainiacjoe_overflow_24_doors
Temple:   hellmonk_temple_divided_pantheon

Skill      XL: |  1  2  3  4  5  6  7 |
---------------+----------------------+-----
Stealth        | 2 3 4 |  4.1
Dodging        | 2 3 |  3.8
Fighting       | 1 2 3 |  3.5
Fire Magic     | 3 4 |  4.3
Conjurations   | 2 3 |  3.6
Spellcasting   | 3 4 |  4.0

Action                   |  1- 3 |  4- 6 |  7- 9 || total
-------------------------+-------+-------+-------++-------
Melee: Unarmed           |     2 |       |       ||     2
       Spear             |    29 |     8 |       ||    37
       Punch             |     1 |       |       ||     1
       Dagger            |       |    35 |    28 ||    63
Throw: Dart              |       |       |     3 ||     3
 Cast: Foxfire           |    33 |    66 |    58 ||   157
       Scorch            |       |       |    11 ||    11
       Searing Ray       |       |       |     4 ||     4
Evoke: Wand              |       |       |     1 ||     1
  Use: Potion            |       |       |     1 ||     1
 Stab: Sleeping          |     2 |     2 |     4 ||     8
Armor: Robe              |     2 |     6 |    11 ||    19
Dodge: Dodged            |    18 |    28 |    16 ||    62
Block: Other             |       |       |     5 ||     5

Table legend: (Time is in decaauts)
 A = Elapsed time spent in this place.
 B = Non-inter-level travel time spent in this place.
 C = Inter-level travel time spent in this place.
 D = Time resting spent in this place.
 E = Time spent auto-exploring this place.
 F = Levels seen in this place.
 G = Mean time per level.
                   A        B        C        D        E       F      G
               +--------+--------+--------+--------+--------+-----+--------+
         Total |   5455 |   5042 |    413 |    267 |   3958 |   7 |  779.3 |
       Dungeon |   4445 |   4049 |    396 |     51 |   3426 |   5 |  889.0 |
        Temple |    136 |    119 |     17 |    100 |      6 |   1 |  136.0 |
         Sewer |    873 |    873 |      0 |    116 |    526 |   1 |  873.0 |
               +--------+--------+--------+--------+--------+-----+--------+

Top non-repeatable levels by time:
     D:3: 1352 daAuts
     D:4: 1221 daAuts
     D:2: 1185 daAuts
   Sewer: 873 daAuts
     D:1: 597 daAuts
  Temple: 136 daAuts
     D:5: 88 daAuts
